 Dungeon Crawl Stone Soup version 0.29.1-13-g9f3cf754e1 (webtiles) character file.

Game seed: 16650499196093757916

7 ChrisAssaf the Firebug (level 2, -1/20 HPs)
             Began as a Hill Orc Fire Elementalist on Jan 27, 2023.
             Slain by a jackal (3 damage)
             ... on level 1 of the Dungeon.
             The game lasted 00:01:32 (280 turns).

ChrisAssaf the Firebug (Hill Orc Fire Elementalist)  Turns: 280, Time: 00:01:32

Health: -1/20      AC:  2    Str: 10    XL:     2   Next: 0%
Magic:  0/4        EV: 12    Int: 15    God:
Gold:   15         SH:  0    Dex: 11    Spells: 3/4 levels left

rFire   . . .      SeeInvis .   (no weapon)
rCold   . . .      Faith    .   (no shield)
rNeg    . . .      Spirit   .   a - +0 robe
rPois   .          Reflect  .   (no helmet)
rElec   .          Harm     .   (no cloak)
rCorr   .          Rampage  .   (no gloves)
Will    .....                   (no boots)
Stlth   ++........              (no amulet)
HPRegen 0.06/turn               (no ring)
MPRegen 0.09/turn               (no ring)

@: no status effects
A: no striking features
a: no special abilities


You were on level 1 of the Dungeon.
You visited 1 branch of the dungeon, and saw 1 of its levels.

You collected 15 gold pieces.

Inventory:

Armour
 a - a +0 robe (worn)
Potions
 b - a potion of magic


   Skills:
 * Level 1.7 Dodging
 * Level 1.6 Stealth
 * Level 1.7 Spellcasting
 * Level 1.1 Conjurations
 * Level 3.4 Fire Magic


You had 3 spell levels left.
You knew the following spells:

 Your Spells              Type           Power      Damage    Failure   Level
a - Foxfire               Conj/Fire      32%        2x1d5     9%          1

Your spell library contained the following spells:

 Spells                   Type           Power      Damage    Failure   Level
 Scorch                   Fire           22%        2d6       9%          2
 Conjure Flame            Conj/Fire      8%         6-21      26%         3
 Inner Flame              Hex/Fire       6%         N/A       34%         3
 Flame Wave               Conj/Fire      8%         2d5       65%         4


Dungeon Overview and Level Annotations

Branches:
Dungeon (1/15)

Altars:

Shops:
D:1 (


Message History

A goblin comes into view. It is wielding a +0 dagger.
The jackal bites you. x2
The jackal closely misses you. The jackal attacks as you move away!
The jackal bites you. x2
The jackal attacks as you move away! The jackal bites you. x2
The jackal attacks as you move away! The jackal misses you.
Casting: Foxfire (safe; 9% risk of failure)
Press: ? - help, Q - select action Dir - look around, f - activate You conjure some foxfire!
The foxfire hits the jackal but does no damage.
The foxfire hits the jackal.
The jackal is severely wounded.
Casting: Foxfire (safe; 9% risk of failure)
Press: ? - help, Q - select action Dir - look around, f - activate You conjure some foxfire!
The jackal closely misses you. The jackal completely misses you.
Your foxfire dissipates!
The foxfire hits the jackal.
You kill the jackal!
The jackal barely misses you.
Casting: Foxfire (safe; 9% risk of failure)
Press: ? - help, Q - select action Dir - look around, f - activate You conjure some foxfire!
The jackal bites you but does no damage.
The jackal bites you. The jackal attacks as you move away!
The jackal bites you.
* * * LOW HITPOINT WARNING * * *
The foxfire hits the jackal.
The jackal is almost dead.
The foxfire hits the jackal.
You kill the jackal!
You have reached level 2!
It was a potion of cancellation.
You feel magically purged. The jackal bites you.
* * * LOW HITPOINT WARNING * * *
The jackal closely misses you. The jackal attacks as you move away!
The jackal bites you.
* * * LOW HITPOINT WARNING * * *
The jackal bites you.
You die...

.#.####.###'####.... #.#
.#.................. #.#
.#......#........... #.#
.#.######.........## #.#
.#.##.............# #.#
.#.##.####........# #.#
.#.##.####........# #.#
...##.............#########
............g..h@.......
..######################
... ...# ...# .... ..## ...


You could see a jackal and a goblin.

Vanquished Creatures
  A goblin (D:1)
  2 jackals (D:1)
  A bat (D:1)
  3 rats (D:1)
7 creatures vanquished.

Vanquished Creatures (others)
  17 foxfires (D:1)
17 creatures vanquished.

Grand Total: 24 creatures vanquished

Notes
Turn   | Place    | Note
-------+----------+-------------------------------------------
     0 | D:1      | ChrisAssaf the Hill Orc Fire Elementalist began the quest
                  | for the Orb.
     0 | D:1      | Reached XP level 1. HP: 14/14 MP: 3/3
   160 | D:1      | Found Ziock's Weapon Shoppe.
   278 | D:1      | Reached XP level 2. HP: 4/20 MP: 0/4
   280 | D:1      | Slain by a jackal

Illustrated notes

Levels and vault maps discovered:
D:1:      onia_arrival_handbag, layout_basic, hellmonk_ecumenical_altar_blasted,
          serial_shops, nicolae_shop_statue_plus,
          nicolae_shop_competitors_out_of_business, shop, shop

Action                   || total
-------------------------++-------
 Cast: Foxfire           ||    12
  Use: Scroll            ||     1
       Potion            ||     1
Armor: Robe              ||    11
Dodge: Dodged            ||    22
